 Dungeon Crawl Stone Soup version 0.24-a0-516-g9de272bb65 (webtiles) character file.

Game seed: 15420170792859353590

13479 Arthanis the Arsonist (level 11, -6/57 HPs)
             Began as a Deep Elf Fire Elementalist on July 21, 2019.
             Was a High Priest of Vehumet.
             Mangled by Jorgrun
             ... wielding a +0 quarterstaff of crushing
              (11 damage)
             ... on level 12 of the Dungeon.
             The game lasted 00:32:22 (8501 turns).

Arthanis the Arsonist (Deep Elf Fire Elementalist)  Turns: 8501, Time: 00:32:23

Health: -6/57      AC: 11    Str:  7    XL:     11   Next: 76%
Magic:  8/36       EV: 12    Int: 29    God:    Vehumet [*****.]
Gold:   560        SH:  0    Dex: 18    Spells: 11/31 levels left

rFire    . . .     SeeInvis .   I - +2 great sword of Death {drain, Str+2}
rCold    . . .     Gourm    .   (shield currently unavailable)
rNeg     . . .     Faith    .   E - +0 leather armour of the King {rElec Dex+3}
rPois    .         Spirit   .   x - +0 helmet
rElec    +         Reflect  +   W - +0 cloak
rCorr    .         Harm     .   s - +2 pair of gloves
MR       +....                  P - +2 pair of boots {run}
Stlth    +.........             O - +3 amulet of reflection
HPRegen  0.19/turn              d - +5 ring of intelligence
MPRegen  0.25/turn              B - ring of magical power

@: confused, grasped by roots, constricted, quick
A: no striking features
a: Renounce Religion


You were on level 12 of the Dungeon.
You worshipped Vehumet.
Vehumet was extremely pleased with you.
You were very hungry.

You visited 2 branches of the dungeon, and saw 13 of its levels.

You collected 780 gold pieces.
You spent 220 gold pieces at shops.

Inventory:

Hand Weapons
 q - a +0 trident
 H - the +11 spear "Killer Klown's Peril" {antimagic, MR+ MP+9 Int-4 Dex+3}
   (You found it on level 6 of the Dungeon)

   It reduces the magical energy of the wielder, and disrupts the spells and
   magical abilities of those hit.
   Natural abilities and divine invocations are not affected.
   It affects your intelligence (-4).
   It affects your dexterity (+3).
   It affects your resistance to hostile enchantments.
   It affects your magic capacity (+9).
 I - the +2 great sword of Death (weapon) {drain, Str+2}
   (You found it on level 7 of the Dungeon)

   A truly terrible weapon, it drains the life of those it strikes.
   It affects your strength (+2).
 V - a +4 dagger of venom
Armour
 r - a +0 buckler
 s - a +2 pair of gloves (worn)
 x - a +0 helmet (worn)
 E - the +0 leather armour of the King (worn) {rElec Dex+3}
   (You found it on level 6 of the Dungeon)

   It affects your dexterity (+3).
   It insulates you from electricity.
 P - a +2 pair of boots of running (worn)
 Q - the cursed +1 plate armour "Hishe" {+Fly Str+2 Dex+3, unknown}
   (You found it on level 7 of the Dungeon)

   It affects your strength (+2).
   It affects your dexterity (+3).
   It lets you fly.
   It has a curse placed upon it.
 W - a +0 cloak (worn)
Jewellery
 d - a +5 ring of intelligence (left hand)
 f - an uncursed ring of flight
 B - a ring of magical power (right hand)
 C - a +1 ring of slaying
 O - a +3 amulet of reflection (around neck)
 R - the ring "Verazemo" {Ice +Blink rElec}
   (You found it on level 7 of the Dungeon)

   [ring of ice]

   It enhances your ice magic.
   It makes you vulnerable to fire.
   It protects you from cold.
   It insulates you from electricity.
   It lets you blink.
 T - an uncursed ring of poison resistance
 Y - an uncursed amulet of faith {unknown}
Wands
 a - a wand of enslavement (8)
 h - a wand of scattershot (2)
 m - a wand of clouds (4)
 y - a wand of flame (26)
 F - a wand of digging (9)
 N - a wand of iceblast (22)
Scrolls
 e - 3 scrolls of blinking
 n - a scroll of fear
 o - 2 scrolls of enchant weapon {unknown}
 t - 2 scrolls of teleportation
 z - 3 scrolls of enchant armour {unknown}
 D - 6 scrolls of remove curse
 G - a scroll of acquirement {unknown}
 J - a scroll of silence {unknown}
 L - a scroll of amnesia {unknown}
 M - a scroll of vulnerability {unknown}
 S - 2 scrolls of magic mapping
 U - a scroll of noise {unknown}
 X - a scroll of immolation
Potions
 b - 3 potions of might
 i - a potion of degeneration {unknown}
 k - a potion of magic {unknown}
 l - 3 potions of agility {unknown}
 p - a potion of heal wounds {unknown}
 u - 3 potions of haste {unknown}
 v - 3 potions of flight {unknown}
 w - 4 potions of curing {unknown}
 A - 3 potions of brilliance {unknown}
 K - a potion of lignification {unknown}
 Z - 2 potions of berserk rage {unknown}
Comestibles
 c - 11 rations


   Skills:
 - Level 2.0 Fighting
 - Level 2.1 Armour
 + Level 5.3 Dodging
 - Level 3.0 Stealth
 + Level 10.7 Spellcasting
 * Level 12.1 Conjurations
 * Level 12.4 Fire Magic
 - Level 4.1 Evocations


You had 11 spell levels left.
You knew the following spells:

 Your Spells              Type           Power        Failure   Level  Hunger
a - Flame Tongue          Conj/Fire      #####        1%          1    None
b - Conjure Flame         Conj/Fire      ######..     1%          3    None
c - Sticky Flame          Conj/Fire      ######..     1%          4    None
d - Fireball              Conj/Fire      ######....   1%          5    ###....
e - Freeze                Ice            ###.         1%          1    None
f - Shock                 Conj/Air       ####         1%          1    None
g - Blink                 Tloc           N/A          8%          2    None
r - Regeneration          Chrm/Necr      ###.......   16%         3    None

Your spell library contained the following spells:

 Spells                   Type           Power        Failure   Level  Hunger
 Fulminant Prism          Conj/Hex       ######....   1%          4    None
 Throw Flame              Conj/Fire      ######       1%          2    None
 Inner Flame              Hex/Fire       ######..     1%          3    None
 Animate Skeleton         Necr           N/A          4%          1    None
 Corona                   Hex            ###....      4%          1    None
 Pain                     Necr           ###.         4%          1    None
 Shroud of Golubria       Chrm/Tloc      ###...       8%          2    None
 Gell's Gravitas          Tloc           ###.......   16%         3    None
 Lesser Beckoning         Tloc           ###.......   16%         3    None
 Portal Projectile        Hex/Tloc       ###...       16%         3    None
 Summon Guardian Golem    Hex/Summ       ###.....     16%         3    None
 Teleport Other           Tloc           ###.....     16%         3    None
 Vampiric Draining        Necr           ###.......   16%         3    None
 Animate Dead             Necr           N/A          45%         4    None
 Passage of Golubria      Tloc           N/A          45%         4    None
 Summon Mana Viper        Hex/Summ       ###.....     80%         5    ###....
 Invisibility             Hex            ###.....     100%        6    #####..


Dungeon Overview and Level Annotations

Branches:
Dungeon (12/15)            Temple (1/1) D:4            Lair (0/6) D:8
    Orc (0/2) D:10

Altars:
Ashenzari
Dithmenos
Elyvilon
Fedhas
Gozag
Hepliaklqana
Makhleb
Nemelex Xobeh
Okawaru
Qazlal
Trog
Vehumet
Wu Jian
Yredelemnul
The Shining One

Shops:
D:4 =

Annotations:
D:12 Jorgrun


Message History

Okay, then.
Casting: Fireball (safe; 1% risk of failure)
Confirm with . or Enter, or press ? or * to list all spells.
Aiming: Sticky Flame (safe; 1% risk of failure)
Press: ? - help, Shift-Dir - straight line, f/p - Jorgrun
Aim: Jorgrun, wielding a +0 quarterstaff of crushing and wearing a +2 robe of cold resistance (noxious fumes, severely wounded)
The sticky flame hits Jorgrun!
Jorgrun is severely wounded.
Jorgrun is covered in liquid flames!
Jorgrun burns!
Jorgrun is engulfed in noxious fumes.
Jorgrun hits you with a +0 quarterstaff of crushing.
* * * LOW HITPOINT WARNING * * *
x3 The grasping roots constrict you!
The grasping roots release their grip on you.
You are confused.
You feel invigorated.
Jorgrun burns!
Jorgrun is engulfed in noxious fumes.
Jorgrun casts a spell at you.
Roots burst forth from the earth!
The grasping roots grab you!
You die...

#.....#.# #.....#.#
#.....#§# #.....#§# .
#.....#§# ...
###+#.....#§###....
...........g.......
...........@.......
..........#######+###
..........#.........#
..........#.........#.#
..........#.........#.#
..######.>###'#######.####
#.................#
#.....##'##.......#
#.....+...#.......#


You could see Jorgrun (burning).

Vanquished Creatures
  A hydra (D:12)
  A two-headed ogre (D:12)
  Pikel (D:8)
  2 deep elf magi (D:7)
  A cyclops (D:7)
  A manticore (D:7)
  Maurice (D:8)
  Joseph (D:8)
  A troll (D:8)
  2 hippogriffs
  Prince Ribbit (D:5)
  Sigmund (D:4)
  A shadow (D:7)
  A wyvern (D:9)
  Eustachio (D:5)
  8 yaks
  A human (D:7)
  Grum (D:9)
  4 hogs (D:7)
  2 hungry ghosts
  3 water moccasins
  Duvessa (D:5)
  4 orc warriors
  2 ice beasts
  3 phantoms
  A black bear (D:7)
  3 sky beasts
  2 centaurs
  9 ogres
  5 wolves
  3 big kobolds
  4 bullfrogs
  Dowan (D:5)
  4 scorpions
  6 killer bees (D:8)
  7 wights
  A centaur zombie (D:5)
  4 crimson imps
  A bullfrog zombie (D:12)
  A quasit (D:9)
  2 jellies
  14 hounds
  4 orc priests
  6 orc wizards
  5 bullfrog skeletons
  An iguana (D:9)
  9 worker ants
  2 hound skeletons
  2 worker ant zombies (D:7)
  A gnoll (D:7)
  13 adders
  6 shadow imps
  2 oozes
  2 adder skeletons
  2 dart slugs
  2 leopard geckos
  26 orcs
  2 ball pythons
  6 giant cockroaches
  8 goblins
  7 hobgoblins
  6 jackals
  17 kobolds
  5 quokkas
  8 bats
  2 frilled lizards
  A jackal zombie (D:7)
  2 leopard gecko zombies
  A quokka zombie (D:7)
  14 rats
276 creatures vanquished.

Notes
Turn   | Place    | Note
-------+----------+-------------------------------------------
     0 | D:1      | Arthanis the Deep Elf Fire Elementalist began the quest for
                  | the Orb.
     0 | D:1      | Reached XP level 1. HP: 10/10 MP: 6/6
   223 | D:1      | Reached XP level 2. HP: 15/15 MP: 6/8
   642 | D:2      | Found a faded altar of an unknown god.
   706 | D:2      | Reached XP level 3. HP: 19/19 MP: 7/9
   711 | D:2      | Learned a level 3 spell: Conjure Flame
   845 | D:2      | You fall into a shaft and drop 2 floors!
  1012 | D:2      | Reached XP level 4. HP: 24/24 MP: 9/11
  1432 | D:3      | Learned a level 4 spell: Sticky Flame
  1721 | D:3      | Reached XP level 5. HP: 19/28 MP: 9/13
  1984 | D:4      | Reached skill level 5 in Fire Magic
  2195 | D:4      | Found a staircase to the Ecumenical Temple.
  2206 | Temple   | Entered the Ecumenical Temple
  2209 | Temple   | Reached XP level 6. HP: 26/32 MP: 4/14
  2210 | Temple   | Became a worshipper of Vehumet
  2402 | D:4      | Found Eptewy's Jewellery Shoppe.
  2480 | D:4      | Reached skill level 5 in Spellcasting
  2577 | D:4      | Noticed Sigmund
  2588 | D:4      | Killed Sigmund
  2588 | D:4      | Reached skill level 5 in Conjurations
  2588 | D:4      | Reached XP level 7. HP: 30/36 MP: 1/17
  2896 | D:5      | Entered Level 5 of the Dungeon
  2956 | D:5      | Learned a level 5 spell: Fireball
  2967 | D:5      | Noticed Eustachio
  3001 | D:5      | Killed Eustachio
  3027 | D:5      | Noticed Dowan
  3040 | D:5      | Noticed Duvessa
  3047 | D:5      | Killed Duvessa
  3047 | D:5      | Reached * piety under Vehumet
  3047 | D:5      | Offered knowledge of Freeze by Vehumet.
  3047 | D:5      | Reached XP level 8. HP: 18/41 MP: 4/19
  3058 | D:5      | Killed Dowan
  3305 | D:4      | Bought an uncursed ring of magical power for 220 gold
                  | pieces
  3536 | D:5      | Reached skill level 1 in Evocations
  3586 | D:5      | Noticed Prince Ribbit
  3590 | D:5      | Killed Prince Ribbit
  3715 | D:6      | Identified the Guide on Malediction
  3719 | D:6      | Learned a level 1 spell: Freeze
  3832 | D:6      | Got a smelly leather armour
  3904 | D:6      | Got a fine spear
  3965 | D:6      | Reached XP level 9. HP: 43/45 MP: 21/21
  4288 | D:7      | Reached ** piety under Vehumet
  4288 | D:7      | Offered knowledge of Shock by Vehumet.
  4291 | D:7      | Learned a level 1 spell: Shock
  4591 | D:7      | Noticed a deep elf mage
  4600 | D:7      | Reached skill level 10 in Fire Magic
  4600 | D:7      | Noticed a deep elf mage
  4603 | D:7      | Killed a deep elf mage
  4609 | D:7      | Reached XP level 10. HP: 48/50 MP: 2/24
  4609 | D:7      | Killed a deep elf mage
  4609 | D:7      | Reached skill level 10 in Conjurations
  4756 | D:7      | Got a smoking plate armour
  4758 | D:7      | Got a sparkling tin ring
  4760 | D:7      | Noticed a cyclops
  4760 | D:7      | Noticed a manticore
  4841 | D:7      | Offered knowledge of Throw Frost by Vehumet.
  4983 | D:7      | Killed a manticore
  5041 | D:7      | Identified the ring "Verazemo" {Ice +Blink rElec} (You
                  | found it on level 7 of the Dungeon)
  5062 | D:7      | Killed a cyclops
  5148 | D:7      | Got a steaming great sword
  5265 | D:7      | Identified a +2 pair of boots of running (You found it on
                  | level 7 of the Dungeon)
  5313 | D:8      | Learned a level 3 spell: Regeneration
  5393 | D:8      | Noticed Maurice
  5396 | D:8      | Killed Maurice
  5429 | D:8      | Reached *** piety under Vehumet
  5452 | D:8      | Noticed Pikel
  5624 | D:8      | Found a glowing golden altar of the Shining One.
  5658 | D:8      | Reached skill level 1 in Fighting
  5676 | D:8      | Noticed Joseph
  5679 | D:8      | Killed Joseph
  5697 | D:8      | Found a staircase to the Lair.
  5740 | D:8      | Killed Pikel
  5968 | D:9      | Identified the +0 leather armour of the King {rElec Dex+3}
                  | (You found it on level 6 of the Dungeon)
  6048 | D:9      | Reached XP level 11. HP: 56/56 MP: 26/26
  6139 | D:9      | Found a sparkling altar of Nemelex Xobeh.
  6191 | D:9      | Offered knowledge of Iskenderun's Mystic Blast by Vehumet.
  6191 | D:9      | Reached skill level 10 in Spellcasting
  6212 | D:9      | Noticed Grum
  6226 | D:9      | Killed Grum
  6548 | D:9      | Found a blossoming altar of Fedhas.
  6579 | D:9      | Reached skill level 1 in Armour
  6697 | D:9      | Reached **** piety under Vehumet
  6980 | D:10     | Entered Level 10 of the Dungeon
  6985 | D:10     | Identified the +2 great sword of Death {drain, Str+2} (You
                  | found it on level 7 of the Dungeon)
  6986 | D:10     | Identified the +11 spear "Killer Klown's Peril" {antimagic,
                  | MR+ MP+9 Int-4 Dex+3} (You found it on level 6 of the
                  | Dungeon)
  7043 | D:10     | Found a staircase to the Orcish Mines.
  7138 | D:10     | Offered knowledge of Force Lance by Vehumet.
  8013 | D:11     | Reached ***** piety under Vehumet
  8017 | D:11     | Learned a level 2 spell: Blink
  8440 | D:12     | Noticed a two-headed ogre
  8445 | D:12     | Killed a two-headed ogre
  8445 | D:12     | Offered knowledge of Fulminant Prism by Vehumet.
  8445 | D:12     | Reached skill level 5 in Dodging
  8481 | D:12     | Noticed a four-headed hydra
  8484 | D:12     | Killed a four-headed hydra
  8486 | D:12     | Noticed Jorgrun
  8500 | D:12     | HP: 2/57 [Jorgrun/+0 quarterstaff of crushing (10)]
  8501 | D:12     | Mangled by Jorgrun

Levels and vault maps discovered:
D:1:      matt_arrival_refuge, layout_loops_ring
D:2:      layout_loops_ring, chequers_ecumenical_altar_lobes, first_ration,
          kennysheep_generic_room_2
D:3:      layout_loops_ring
D:4:      layout_basic, minmay_temple_entry_large_hall, serial_shops, shop,
          uniq_sigmund
D:5:      layout_rooms, uniq_prince_ribbit1, uniq_duvessa, uniq_eustachio
D:6:      layout_cave_pools
D:7:      minmay_the_grid_octo_triangle [minmay_the_grid_octo_checkerflower,
          minmay_the_grid_octo_prize_single_spiral, minmay_the_grid_octo_chip],
          layout_loops_cross, grunt_livestock
D:8:      layout_cave_pools, erik_lair_island, basic_altar, uniq_pikel,
          uniq_joseph, uniq_maurice
D:9:      minmay_razor_zed, layout_long_grid, nemelex_xobeh_ov_fountains_minmay,
          fedhas_altar_2, uniq_grum
D:10:     layout_small_grid, orc_0_dummy
D:11:     layout_roguey
D:12:     minmay_skewed_foursquare, layout_irregular_city, uniq_jorgrun
Temple:   dpeg_three_leaves_temple

Skill      XL: |  1  2  3  4  5  6  7  8  9 10 11 |
---------------+----------------------------------+-----
Conjurations   | 2 3 4 5 6 8 9 11 12 | 12.1
Fire Magic     | 4 5 6 7 8 10 11 12 | 12.4
Spellcasting   | 4 5 6 7 8 9 10 | 10.7
Evocations     | 2 3 4 |  4.1
Stealth        | 3 |  3.0
Dodging        | 3 5 |  5.3
Fighting       | 1 2 |  2.0
Armour         | 2 |  2.1

Action                   |  1- 3 |  4- 6 |  7- 9 | 10-12 || total
-------------------------+-------+-------+-------+-------++-------
Melee: Unarmed           |     2 |       |       |       ||     2
       Great sword       |       |     8 |       |    10 ||    18
       Long sword        |       |     2 |     5 |    11 ||    18
 Cast: Flame Tongue      |    59 |    77 |    89 |   121 ||   346
       Sticky Flame      |       |     7 |    21 |    33 ||    61
       Conjure Flame     |       |     1 |     8 |    13 ||    22
       Fireball          |       |       |    12 |    65 ||    77
       Shock             |       |       |    17 |    38 ||    55
       Regeneration      |       |       |       |     1 ||     1
Evoke: Wand              |       |       |     2 |     2 ||     4
  Use: Scroll            |     5 |     3 |     1 |     6 ||    15
       Potion            |       |       |       |     1 ||     1
 Stab: Sleeping          |     1 |     5 |       |     1 ||     7
  Eat: Chunk             |       |     3 |     8 |    15 ||    26
       Ration            |       |     1 |       |     1 ||     2
Armor: Robe              |     3 |     9 |     9 |    10 ||    31
       Leather armour    |       |       |       |    14 ||    14
Dodge: Dodged            |    19 |    27 |    29 |    59 ||   134
Block: Other             |       |       |       |    11 ||    11
       Reflection        |       |       |       |     1 ||     1
       Rpst.: Great sword |       |     6 |       |     2 ||     8
       Long sword        |       |       |    13 |    14 ||    27

Table legend:
 A = Non-vault XP
 B = Vault XP
 C = Vault XP percentage of total XP
 D = Non-vault monster count
 E = Vault monster count
 F = Vault count percentage of total count
                 A         B        C        D         E       F
            +---------+---------+-------+---------+---------+-------
      Total |   11430 |    7827 |  40.6 |     227 |      49 |  17.8
            +---------+---------+-------+---------+---------+-------
        D:1 |      37 |       0 |   0.0 |      20 |       0 |   0.0
        D:2 |      62 |       3 |   4.6 |      22 |       2 |   8.3
        D:3 |     140 |       0 |   0.0 |      25 |       0 |   0.0
        D:4 |     361 |     231 |  39.0 |      20 |       1 |   4.8
        D:5 |     782 |     696 |  47.1 |      12 |       4 |  25.0
        D:6 |     630 |       0 |   0.0 |      17 |       0 |   0.0
        D:7 |    1232 |    3583 |  74.4 |      20 |      20 |  50.0
        D:8 |     772 |    2336 |  75.2 |      12 |      11 |  47.8
        D:9 |    2032 |     978 |  32.5 |      24 |      11 |  31.4
       D:10 |    1584 |       0 |   0.0 |      17 |       0 |   0.0
       D:11 |    1514 |       0 |   0.0 |      32 |       0 |   0.0
       D:12 |    2253 |       0 |   0.0 |       5 |       0 |   0.0
     Temple |      31 |       0 |   0.0 |       1 |       0 |   0.0
            +---------+---------+-------+---------+---------+-------
